 Dungeon Crawl Stone Soup version 0.29.0-4-gdea44cf6ec (webtiles) character file.

Game seed: 14930316417015440902

312 Destructed3 the Trooper (level 6, -4/44 HPs)
             Began as a Mummy Monk on Aug 27, 2022.
             Was an Elder of Hepliaklqana.
             Slain by a gnoll
             ... wielding a +1 vorpal spear
             ... led by a gnoll bouda
              (9 damage)
             ... on level 5 of the Dungeon.
             The game lasted 00:08:22 (4565 turns).

Destructed3 the Trooper (Mummy Monk)                Turns: 4565, Time: 00:08:23

Health: -4/44      AC:  3    Str: 14    XL:     6   Next: 18%
Magic:  6/6        EV: 13    Int: 10    God:    Hepliaklqana [****..]
Gold:   295        SH:  0    Dex: 16    Spells: 5/5 levels left

rFire   x . .      SeeInvis .     - Unarmed
rCold   + + .      Faith    .   (no shield)
rNeg    + + +      Spirit   .   a - +0 robe
rPois   ∞          Reflect  .   (no helmet)
rElec   .          Harm     .   b - +0 cloak
rCorr   .          Rampage  .   (no gloves)
Will    .....                   (no boots)
Stlth   ++........              (no amulet)
HPRegen 0.14/turn               c - ring of protection from cold
MPRegen 0.10/turn               (no ring)

@: weakened
A: reduced essence, cold resistance 1, negative energy resistance 3, torment
resistance 2, heat vulnerability 1, in touch with death 1, no potions
a: Renounce Religion, Recall Ancestor, Ancestor Identity, Transference, Idealise


You were on level 5 of the Dungeon.
You worshipped Hepliaklqana.
Hepliaklqana was greatly pleased with you.
You visited 2 branches of the dungeon, and saw 6 of its levels.

You collected 295 gold pieces.

Inventory:

Armour
 a - a +0 robe (worn)
 b - a +0 cloak (worn)
Jewellery
 c - a ring of protection from cold (left hand)
Wands
 d - a wand of flame (6)
Scrolls
 e - 2 scrolls of identify
 f - a scroll of immolation
 g - a scroll of fear {unknown}


   Skills:
 * Level 4.6 Fighting
 + Level 3.4 Dodging
 + Level 3.0 Stealth
 + Level 3.5 Unarmed Combat


You had 5 spell levels left.
You didn't know any spells.
Your spell library was empty.

Dungeon Overview and Level Annotations

Branches:
Dungeon (5/15)             Temple (1/1) D:4

Altars:
Ashenzari
Cheibriados
Dithmenos
Gozag
Hepliaklqana
Kikubaaqudgha
Makhleb
Okawaru
Qazlal
Ru
Sif Muna
Trog
Uskayaw
Vehumet
Wu Jian
Xom
Yredelemnul


Innate Abilities, Weirdness & Mutations

Your life essence is reduced to manifest your ancestor. (-10% HP)
You are immune to poison.
Your flesh is cold resistant. (rC+)
You are immune to negative energy. (rN+++)
You are immune to unholy pain and torment.
You are vulnerable to heat. (rF-)
You are in touch with the powers of death.
You do not drink.


Message History

The phantom hits you but does no damage.
The gnoll closely misses you. The gnoll hits you with a +0 whip.
You closely miss the phantom.
The phantom is almost destroyed.
The phantom hits you.
The phantom blinks!
You blink.
You hit the phantom.
You destroy the phantom!
The gnoll hits you from afar with a +0 spear.
The gnoll hits you with a +0 whip!
* * * LOW HITPOINT WARNING * * *
Your Stealth skill increases to level 3!
You have reached level 6!
Eadwine remembers more of his old skill.
Something hits Eadwine.
Eadwine hits the gnoll with a +0 quarterstaff!
The gnoll misses you.
Something hits Eadwine!
Something hits Eadwine.
Eadwine is splashed with acid.
The acid corrodes Eadwine!
Eadwine gestures at the gnoll while chanting.
The puff of frost hits the gnoll!
The gnoll dies!
Something hits Eadwine.
Eadwine is destroyed!
A jelly comes into view.
The gnoll attacks as you move away! The gnoll hits you but does no damage.
The gnoll is no longer moving quickly.
The gnoll attacks as you move away! The gnoll hits you with a +0 whip.
* * * LOW HITPOINT WARNING * * *
The gnoll is no longer moving quickly.
The gnoll bouda gazes fiercely through you!
You feel your attacks grow feeble.
You hit the gnoll bouda.
The gnoll bouda is lightly wounded.
The gnoll barely misses you.
The gnoll bouda barks out a call to the hunt!
The gnolls pick up the pace!
You hit the gnoll bouda but do no damage.
The gnoll bouda is lightly wounded.
The gnoll hits you from afar with a +1 vorpal spear!
You die...

### #..
#.####.###
#......g.#
..####.#.# #g#g#
#g#g# #.#g# ####
#g#@# #R<# #.#g#
##§g.#.#.# #
...>#)..#.#####
.###.J..........
............#####
#. ###.#####.# #.
.... .# # # ..# #


You could see a gnoll bouda and 4 gnolls.

Vanquished Creatures
  A phantom (D:5)
  2 adders
  2 endoplasms (D:4)
  3 giant cockroaches
  7 goblins
  4 hobgoblins
  8 quokkas (D:1)
  7 ball pythons
  2 bats
  3 frilled lizards (D:1)
  9 kobolds
  6 rats
54 creatures vanquished.

Vanquished Creatures (collateral kills)
  A hound (D:4)
  2 iguanas (D:4)
  A gnoll (D:5)
  5 adders
  A dart slug (D:3)
  2 orcs (D:3)
  2 bats
  2 endoplasms
  5 giant cockroaches
  A goblin (D:4)
  2 hobgoblins (D:4)
  2 kobolds (D:4)
  A quokka (D:3)
  A frilled lizard (D:3)
  A rat (D:2)
29 creatures vanquished.

Vanquished Creatures (others)
  A battlemage (D:5)
  A demonic plant (D:1)
  A withered plant (D:1)
3 creatures vanquished.

Grand Total: 86 creatures vanquished

Notes
Turn   | Place    | Note
-------+----------+-------------------------------------------
     0 | D:1      | Destructed3 the Mummy Monk began the quest for the Orb.
     0 | D:1      | Reached XP level 1. HP: 18/18 MP: 1/1
   303 | D:1      | Reached XP level 2. HP: 24/24 MP: 2/2
   444 | D:1      | Found a faded altar of an unknown god.
   569 | D:1      | Gained mutation: You are in touch with the powers of death.
                  | [Mummy growth]
   569 | D:1      | Reached XP level 3. HP: 19/29 MP: 3/3
  1189 | D:1      | Prayed at the altar of an unknown god.
  1189 | D:1      | Became a worshipper of Hepliaklqana the Forgotten
  1189 | D:1      | Reached * piety under Hepliaklqana
  1189 | D:1      | Reached ** piety under Hepliaklqana
  1190 | D:1      | Remembered your ancestor Eadwine as a battlemage
  1456 | D:2      | Reached XP level 4. HP: 31/31 MP: 4/4
  1515 | D:2      | Reached *** piety under Hepliaklqana
  2345 | D:3      | Found a shadowy altar of Dithmenos.
  2919 | D:4      | Reached XP level 5. HP: 37/37 MP: 5/5
  2944 | D:4      | Found a staircase to the Ecumenical Temple.
  3028 | D:4      | Reached skill level 4 in Fighting
  3320 | Temple   | Entered the Ecumenical Temple
  3577 | D:4      | Found a radiant altar of Vehumet.
  3786 | D:4      | Reached **** piety under Hepliaklqana
  4365 | D:4      | Found a snail-covered altar of Cheibriados.
  4365 | D:4      | Found a hazy altar of Hepliaklqana.
  4542 | D:5      | Entered Level 5 of the Dungeon
  4542 | D:5      | Noticed a phantom
  4552 | D:5      | Killed a phantom
  4553 | D:5      | Reached XP level 6. HP: 7/44 MP: 6/6
  4565 | D:5      | Slain by a gnoll

Illustrated notes

Levels and vault maps discovered:
D:1:      dpeg_arrival_tiny_a, layout_loops_ring, shapermc_ecumenical_altar_gd,
          chequers_garden
D:2:      layout_loops_ring
D:3:      layout_basic, amcnicky_altar_gilded, interstate_on_off
D:4:      layout_loops_corners, vehumet_altar_wand_db, minitemple,
          minmay_temple_entry_glass, hangedman_feature_mirror, hex_tiny,
          minmay_misc_feat_doors, dk_noncrumbling_2
D:5:      layout_basic, nemelex_altar_shiori
Temple:   hellmonk_temple_forest_ring

Skill      XL: |  1  2  3  4  5 |
---------------+----------------+-----
Stealth        | 2 3 |  3.0
Unarmed Combat | 3 |  3.5
Dodging        | 3 |  3.4
Fighting       | 4 |  4.6

Action                   |  1- 3 |  4- 6 || total
-------------------------+-------+-------++-------
Melee: Unarmed           |   121 |    84 ||   205
       Punch             |     1 |     1 ||     2
Invok: Ancestor Life: Ba |     1 |       ||     1
       Ancestor Identity |     1 |       ||     1
  Use: Scroll            |     1 |     4 ||     5
 Stab: Sleeping          |     8 |     5 ||    13
       Distracted        |       |     1 ||     1
Armor: Robe              |    16 |    11 ||    27
Dodge: Dodged            |    67 |    64 ||   131
